 Dungeon Crawl Stone Soup version 0.17-a0-2098-gf59d6bc (webtiles) character file.

553 derrpe the Poker (level 7, 0/55 HPs)
             Began as a Merfolk Skald on Oct 17, 2015.
             Slain by an orc
             ... wielding a +0 trident
              (9 damage)
             ... on level 4 of the Dungeon.
             The game lasted 00:06:21 (4220 turns).

derrpe the Poker (Merfolk Skald)                    Turns: 4220, Time: 00:06:21

Health: 0/55       AC:  5    Str: 19    XL:     7   Next: 29%
Magic:  10/10      EV: 13    Int: 13    God:
Gold:   125        SH:  0    Dex: 13    Spells: 3 memorised, 4 levels left

rFire  . . .     SeeInvis .     q - +0 halberd
rCold  x . .     Clarity  .     z - +0 leather armour of Depression {rC- Str+6} (curse)
rNeg   + . .     SustAt   .     (no shield)
rPois  .         Gourm    .     (no helmet)
rElec  .         Spirit   .     r - +0 cloak
rCorr  .         Warding  +     (no gloves)
rMut   .         Stasis   .     A - +0 pair of boots
MR     .....                    f - amulet of warding (curse)
Stlth  +.........               (no ring)
                                (no ring)

@: very slightly contaminated, invisible, not resistant to hostile enchantments,
very unstealthy
A: change form in water, swift swim
a: no special abilities


You were on level 4 of the Dungeon.
You were not hungry.

You visited 1 branch of the dungeon, and saw 4 of its levels.

You collected 125 gold pieces.

Inventory:

Hand Weapons
 q - a +0 halberd (weapon)
Missiles
 e - 118 stones (quivered)
 h - 29 arrows
 p - 21 bolts
Armour
 i - a +0 ring mail
 r - a +0 cloak (worn)
 z - the cursed +0 leather armour of Depression (worn) {rC- Str+6}
   (You found it on level 4 of the Dungeon)

   It affects your strength (+6).
   It makes you vulnerable to cold.
   It has a curse placed upon it.
 A - a +0 pair of boots (worn)
Jewellery
 f - a cursed amulet of warding (around neck)
Wands
 n - a wand of polymorph (8)
Scrolls
 k - a scroll of enchant armour {unknown}
 l - 2 scrolls of remove curse {unknown}
 o - 4 scrolls of identify {unknown}
 s - 2 scrolls of fear {unknown}
 w - a scroll of magic mapping {unknown}
 y - a scroll of recharging {unknown}
Potions
 g - a potion of curing {unknown}
 m - a potion of haste {unknown}
 u - a potion of ambrosia {unknown}
 v - a potion of heal wounds {unknown}
 x - 2 potions of mutation {unknown}
 B - a potion of lignification {unknown}
Books
 c - a book of Battle

   Spells                             Type                      Level
   a - Infusion                       Charms                       1
   b - Shroud of Golubria             Charms/Translocation         2
   c - Song of Slaying                Charms                       2
   d - Spectral Weapon                Hexes/Charms                 3
   e - Regeneration                   Charms/Necromancy            3
Comestibles
 a - a chunk of flesh {@w0}
 d - 2 bread rations {@e1}
 j - 5 meat rations {@e2}
 t - 4 fruits


   Skills:
 + Level 4.6 Fighting
 * Level 7.2 Polearms
 - Level 0.6 Armour
 + Level 4.2 Dodging
 - Level 2.0 Spellcasting
 + Level 4.8 Charms


You had 4 spell levels left.
You knew the following spells:

 Your Spells              Type           Power        Failure   Level  Hunger
a - Infusion              Chrm           ##....       6%          1    ##.....
b - Shroud of Golubria    Chrm/Tloc      #.........   21%         2    ###....
c - Regeneration          Chrm/Necr      #.........   38%         3    ####...


Dungeon Overview and Level Annotations

Branches:
Dungeon (4/15)
 Temple: D:4-7

Altars:
Cheibriados
Kikubaaqudgha
Ru
The Shining One


Message History

Press: ? - help, Dir - move target cursor, f/p - orc wizard
Aim: an orc wizard, wielding a dagger and wearing a robe You reach to attack!
You closely miss the orc wizard.
The orc priest mumbles some strange prayers to Beogh against you.
Something smites you!
* * * LOW HITPOINT WARNING * * *
You are too injured to fight recklessly!
You are too injured to fight recklessly!
Unknown command.
Drink which item? (? for menu, Esc to quit)
You can't drink that!
Drink which item? (? for menu, Esc to quit)
It was a potion of invisibility.
You fade into invisibility!
The orc misses you. The orc wizard closely misses you.
You are very lightly contaminated with residual magic.
You closely miss the orc wizard. The orc wizard hits you with a dagger.
* * * LOW HITPOINT WARNING * * *
The orc hits you from afar with a trident!
You die...

## ######... #.#
##........ ##
#.##...######
#.###......##...
#.#.##..⌠....._
#............≈
#####.####.≈≈≈≈≈≈.
#.....# #..≈≈≈...
#@###.# #.≈≈≈≈...
#o# #.# #..≈≈≈...
#..o#... #..≈....⌠
#.###ao...
###...... #.
...... #####.# #
..<...# #.# .....#
#.# .... #.# .(..
#.#


You could see a worker ant, an orc wizard and an orc.

Vanquished Creatures
  An ogre (D:4)
  2 hounds (D:4)
  3 orc wizards
  An orc priest (D:4)
  6 gnolls
  9 adders
  An ooze (D:1)
  5 worms
  A giant gecko (D:2)
  6 orcs
  11 hobgoblins
  3 jackals (D:2)
  8 kobolds
  2 quokkas
  A ball python (D:1)
  10 bats
  4 giant cockroaches
  3 giant newts
  9 goblins
  14 rats
100 creatures vanquished.

Vanquished Creatures (others)
  A giant frog skeleton (D:4)
1 creature vanquished.

Grand Total: 101 creatures vanquished

Notes
Turn   | Place    | Note
--------------------------------------------------------------
     0 | D:1      | derrpe the Merfolk Skald began the quest for the Orb.
     0 | D:1      | Reached XP level 1. HP: 16/16 MP: 3/3
   281 | D:1      | Reached XP level 2. HP: 23/23 MP: 5/5
   539 | D:1      | Reached skill level 4 in Polearms
   578 | D:1      | Reached XP level 3. HP: 28/28 MP: 6/6
  1070 | D:1      | Learned a level 2 spell: Shroud of Golubria
  1074 | D:1      | Learned a level 3 spell: Regeneration
  1336 | D:2      | Reached XP level 4. HP: 20/34 MP: 1/7
  1880 | D:2      | Found a sacrificial altar of Ru.
  1993 | D:2      | Found a snail-covered altar of Cheibriados.
  2216 | D:2      | Reached XP level 5. HP: 35/41 MP: 3/8
  2403 | D:2      | Reached skill level 5 in Polearms
  2749 | D:3      | Found a glowing golden altar of the Shining One.
  3359 | D:3      | Reached XP level 6. HP: 45/48 MP: 9/9
  3766 | D:4      | Got a faintly humming leather armour
  3790 | D:4      | Reached skill level 6 in Polearms
  3828 | D:4      | Identified the cursed +0 leather armour of Depression {rC- Str+6} (You found it on level 4 of the Dungeon)
  4078 | D:4      | Reached XP level 7. HP: 47/55 MP: 10/10
  4094 | D:4      | Found an ancient bone altar of Kikubaaqudgha.
  4105 | D:4      | Reached skill level 7 in Polearms
  4220 | D:4      | Slain by an orc

Vault maps used:
D:1:      dpeg_arrival_ratfight
D:2:      lemuel_doored_altar, nicolae_overflow_hidden_temple, first_bread,
          nicolae_ru_awakened_eye
D:3:      lemuel_crystal_altar
D:4:      kiku_gazebo_pond_becter

Action                   |  1- 3 |  4- 6 |  7- 9 || total
-------------------------+-------+-------+-------++-------
Melee: Spear             |   151 |   135 |       ||   286
       Halberd           |       |   144 |    24 ||   168
Throw: Stone             |    52 |    78 |    14 ||   144
 Cast: Infusion          |     1 |     8 |       ||     9
  Use: Potion            |       |       |     1 ||     1
 Stab: Sleeping          |     1 |       |       ||     1
  Eat: Chunk             |     1 |    10 |       ||    11
